 Dungeon Crawl Stone Soup version 0.20.1-1-g8b1a95d (console) character file.

150017 hilaritas the Wrestler (level 16, -6/181 HPs)
             Began as a Troll Fighter on Mar 2, 2018.
             Was the Champion of Okawaru.
             Mangled by an alligator snapping turtle (37 damage)
             ... on level 4 of the Shoals.
             The game lasted 01:32:10 (29362 turns).

hilaritas the Wrestler (Troll Fighter)             Turns: 29362, Time: 01:32:11

Health: -6/181     AC: 14    Str: 37    XL:     16   Next: 97%
Magic:  17/22      EV: 16    Int:  6    God:    Okawaru [******]
Gold:   1447       SH: 15    Dex: 15    Spells: 3/15 levels left

rFire    + . .     SeeInvis .     - Unarmed
rCold    . . .     Gourm    +   b - +0 shield
rNeg     . . .     Faith    .   R - +0 acid dragon scales
rPois    +         Spirit   .   X - +2 hat {MR+}
rElec    +         Reflect  .   v - scarf "Foemugia" {rElec rPois Stlth+}
rCorr    +         Harm     .   (gloves unavailable)
MR       ++...                  (boots unavailable)
Stlth    +++.......             S - amulet of magic regeneration
Regen    0.8/turn               T - ring "Faupn" {Str+3 Dex+4 Stlth-}
MPRegen  0.3/turn               B - ring of Usocs {rF+ Str+3}

@: heroism, finesse, very slow
A: unfitting armour, claws 3, agile 1, fast metabolism 3, gourmand, regeneration
1, robust 1, shaggy fur 1, tough skin 2
a: Heroism, Finesse, Renounce Religion


You were on level 4 of the Shoals.
You worshipped Okawaru.
Okawaru was exalted by your worship.
You were very full.

You visited 5 branches of the dungeon, and saw 28 of its levels.
You also visited: Bailey.

You collected 3728 gold pieces.
You spent 2281 gold pieces at shops.

Inventory:

Hand Weapons
 L - a +3 scimitar of flaming
 W - a +2 demon trident of electrocution
Missiles
 y - 13 large rocks (quivered)
 E - 12 throwing nets
Armour
 b - a +0 shield (worn)
 v - the scarf "Foemugia" (worn) {rElec rPois Stlth+}
   (Okawaru gifted it to you on level 2 of the Shoals)

   It insulates you from electricity.
   It protects you from poison.
   It makes you more stealthy.
 R - +0 acid dragon scales (worn)
 X - a +2 hat of magic resistance (worn)
Jewellery
 e - an uncursed ring of ice
 h - an uncursed ring of positive energy
 i - an uncursed ring of fire
 p - an uncursed ring of see invisible
 q - an uncursed ring of ice
 B - the ring of Usocs (right claw) {rF+ Str+3}
   (You found it on level 7 of the Dungeon)

   [ring of protection from fire]

   It affects your strength (+3).
   It protects you from fire.
 H - a +6 ring of strength
 I - an uncursed ring of positive energy
 J - a +6 ring of evasion
 S - an amulet of magic regeneration (around neck)
 T - the ring "Faupn" (left claw) {Str+3 Dex+4 Stlth-}
   (You found it on level 1 of the Lair of Beasts)

   [ring of loudness]

   It affects your strength (+3).
   It affects your dexterity (+4).
   It makes you less stealthy.
 U - an uncursed ring of protection from cold
 V - the amulet "Toaxtod" {Harm *Drain rElec rN++ MP+9 Str-3}
   (You bought it in a shop on level 2 of the Orcish Mines)

   [amulet of harm]

   It increases damage dealt and taken.
   It affects your strength (-3).
   It insulates you from electricity.
   It greatly protects you from negative energy.
   It affects your magic capacity (+9).
   It causes draining when unequipped.
Wands
 n - a wand of iceblast (6/15)
 u - a wand of scattershot (3/9)
 G - a wand of flame (31/48)
 K - a wand of lightning (12/15)
 O - a wand of acid (9/15)
 Y - a wand of clouds (7/9)
Scrolls
 j - 3 scrolls of magic mapping
 k - 15 scrolls of remove curse
 l - 2 scrolls of enchant armour
 o - 3 scrolls of fog
 s - 4 scrolls of recharging
 t - 11 scrolls of teleportation
 F - 7 scrolls of fear
 N - a scroll of blinking
Potions
 a - a potion of resistance
 c - 8 potions of might
 m - 3 potions of mutation
 r - 4 potions of heal wounds
 w - 7 potions of haste
 x - 3 potions of agility
 z - 6 potions of flight
 C - 2 potions of invisibility
 D - 4 potions of brilliance
 Q - a potion of berserk rage
 Z - 7 potions of curing
Miscellaneous
 P - a lamp of fire
Comestibles
 d - 18 bread rations
 f - 39 fruits
 g - 11 royal jellies
 A - 15 meat rations


   Skills:
 * Level 11.8(16.8) Fighting
 - Level 7.0(12.0) Armour
 - Level 6.0(11.0) Dodging
 - Level 9.2(14.2) Shields
 * Level 21.3(26.3) Unarmed Combat
 - Level 10.0 Invocations


You had 3 spell levels left.
You knew the following spells:

 Your Spells              Type           Power        Failure   Level  Hunger
a - Summon Small Mammal   Summ           #...         50%         1    ##.....
b - Call Canine Familiar  Summ           #.......     86%         3    ####...
c - Summon Ice Beast      Ice/Summ       #.......     99%         4    #####..
d - Summon Lightning Spi  Summ/Air       #.......     99%         4    #####..


Dungeon Overview and Level Annotations

Branches:
Dungeon (15/15)            Temple (1/1) D:5            Lair (6/6) D:11
 Shoals (4/4) Lair:3        Snake (0/4) Lair:3        Slime (0/5) Lair:6
    Orc (2/2) D:9             Elf (0/3) Orc:2        Vaults (0/5) D:13
 Depths (0/5) D:15

Altars:
Ashenzari
Cheibriados
Dithmenos
Elyvilon
Fedhas
Gozag
Hepliaklqana
Kikubaaqudgha
Makhleb
Nemelex Xobeh
Okawaru
Qazlal
Ru
Sif Muna
Trog
Uskayaw
Vehumet
Xom
Yredelemnul
Zin
The Shining One
Beogh
Jiyva

Shops:
D:5 !   D:8 ?   D:11 [   D:14 %   Orc:1 :   Orc:2 !=(!

Portals:
Trove: D:10 (give +6 demon trident)

Annotations:
Lair:6 1 runed door


Innate Abilities, Weirdness & Mutations

You are too large for most types of armour.
You have claws for hands.
Your metabolism is lightning-fast.
You like to eat raw meat.
Your natural rate of healing is unusually fast.
You are covered in fur. (AC +1)
You have very tough skin. (AC +2)
You are agile. (Dex +2)
You are robust. (+10% HP)


Message History

The snapping turtle bites you!
You block the alligator snapping turtle's attack.
You block the snapping turtle's attack.
Items here: ( )) † an uncursed longbow; an uncursed club; 13 arrows; a satyr corpse You eviscerate the alligator snapping turtle!!!
The alligator snapping turtle is moderately wounded.
The alligator snapping turtle bites you!!
* * * LOW HITPOINT WARNING * * *
The snapping turtle closely misses you.
You claw the alligator snapping turtle!
The alligator snapping turtle is heavily wounded.
You feel much better.
The alligator snapping turtle bites you!!
* * * LOW HITPOINT WARNING * * *
You block the snapping turtle's attack.
You can now deal lightning-fast blows.
You block the snapping turtle's attack.
The alligator snapping turtle bites you!!!
You die...

≈≈≈≈≈≈..≈.........#****,,,,,,,,,,
≈≈≈≈≈............#*,,,**,,,,,,,,,
≈≈≈≈≈............#,,,,,*,,,,,,,,,
≈≈≈≈.........(..≈#,,,,,*,,,,,,,,,
≈≈≈≈≈...≈.......P#,,,,,*,,,,,,,,,
≈≈≈.....≈...P..P.##,,,**,,,,,,,,,
≈≈≈..###.......P.P##+##.,,**+**,,
≈≈≈...##..........P.P..$,**,,,**,
≈≈≈.........≈≈≈.PPPP....,*,,,,,*,
≈≈P....<≈.....##(##..P.,,*,,,,,*,
≈≈≈.......P..##†@≈#*P..≈,*,,,,,*,
≈≈..........≈#≈≈tt≈#≈≈≈≈≈**,,,**,
≈PP.........≈#≈≈}≈≈#≈≈≈≈≈≈#####≈≈
≈P≈...P......#≈≈≈≈≈#≈≈≈≈≈≈≈≈≈≈≈≈≈
≈≈PP≈≈..P....##≈≈≈##≈≈≈≈≈≈≈≈≈≈≈≈≈
≈≈PP≈≈P≈≈≈≈≈≈≈#####≈≈≈≈≈≈≈≈≈≈≈≈≈≈
≈≈≈≈≈≈≈≈≈≈≈≈≈≈P≈≈≈≈≈≈≈≈≈≈≈≈≈≈≈≈≈≈
≈≈≈≈≈≈≈≈≈≈≈≈≈≈≈≈≈≈≈≈≈≈≈≈≈≈≈≈≈≈≈≈≈
≈≈≈≈≈≈≈≈≈≈≈,,≈≈≈≈≈≈≈≈≈≈≈≈≈≈≈≈≈≈≈≈
≈≈≈≈≈≈≈≈≈≈,,,,,,,,,,≈≈≈≈≈≈≈≈≈≈≈≈≈
≈≈≈≈≈≈≈≈≈≈,,,,*,**,*,≈≈≈≈≈≈≈≈≈≈≈≈


You could see an alligator snapping turtle and a snapping turtle.

Vanquished Creatures
  A titan (Shoals:3)
  Gastronok (Lair:1)
  A frost giant (Shoals:3)
  A stone giant (Shoals:3)
  Azrael (D:15)
  5 dire elephants (Lair:6)
  The ghost of damerell the Destroyer, a journeyman DEFE of Uskayaw (Lair:5)
  2 merfolk impalers
  Josephine (D:15)
  11 hydras
  The ghost of Amaterasu the Basher, a journeyman DrEE of Okawaru (Bailey)
  Harold (Lair:3)
  A catoblepas (Lair:3)
  3 alligator snapping turtles
  2 merfolk aquamancers
  2 merfolk avatars (Shoals:1)
  Erica (D:8)
  An anaconda (Lair:6)
  15 two-headed ogres
  3 centaur warriors
  4 satyrs
  4 ogre magi (Orc:2)
  A vampire mage (D:15)
  Urug (Lair:4)
  Sonja (Lair:3)
  Nergalle (D:11)
  7 skeletal warriors (D:15)
  9 sea snakes
  The ghost of hilaritas the Carver, a novice TeBe of Trog (Bailey)
  An unseen horror (shapeshifter) (D:13)
  2 spark wasp zombies (D:15)
  A wizard (D:15)
  5 unseen horrors
  Pikel (D:7)
  The ghost of ceb the Skirmisher, a novice DsFi of Okawaru (D:8)
  21 fauns
  5 orc knights
  17 harpies
  A necromancer (D:15)
  A wolf spider zombie (D:15)
  3 orc sorcerers
  A fire giant zombie (D:15)
  15 ugly things
  7 manticores
  2 cyclopes
  9 elephants (Lair:6)
  2 deep elf magi
  3 slime creatures (D:15)
  An oklob plant (Lair:2)
  9 merfolk sirens
  A guardian serpent (shapeshifter) (D:13)
  8 black mambas
  5 gargoyles
  3 centaur zombies
  5 water nymphs
  9 spiny frogs
  2 rime drakes (Shoals:2)
  10 komodo dragons
  2 kobold demonologists
  5 yaktaurs (D:15)
  20 merfolk
  8 trolls
  A polar bear (Lair:6)
  2 hornets
  2 dream sheep (Shoals:3)
  13 blink frogs
  5 snapping turtles
  10 wind drakes
  9 hippogriffs
  16 yaks
  5 water elementals
  2 shadows
  6 wraiths
  A vampire (D:14)
  3 wyverns
  A basilisk (D:15)
  4 fire elementals (D:15)
  4 wargs
  3 steam dragons (Shoals:2)
  4 nagas (Lair:3)
  3 hungry ghosts
  2 acid dragons
  10 water moccasins
  A hell hound (D:15)
  Duvessa (D:7)
  A floating eye (shapeshifter) (D:13)
  17 orc warriors
  3 porcupines
  4 black bears
  3 sky beasts
  A hornet zombie (D:9)
  4 ice beasts
  A necrophage (D:8)
  30 ogres
  9 wolves
  3 slaves (D:7)
  3 phantoms
  19 centaurs
  9 crocodiles
  3 big kobolds
  A yaktaur zombie (D:15)
  21 bullfrogs
  Dowan (D:7)
  4 scorpions
  3 wyvern skeletons
  8 killer bees
  4 howler monkeys
  An electric eel (Lair:3)
  6 crimson imps
  3 quasits
  2 jellies
  6 hounds
  12 orc priests
  26 orc wizards
  A bullfrog skeleton (D:13)
  4 centaur skeletons
  3 iguanas
  10 worker ants
  A howler monkey zombie (D:6)
  7 gnolls
  12 adders
  3 shadow imps
  2 adder zombies (D:6)
  2 worms
  4 dart slugs
  6 leopard geckos
  89 orcs
  7 bats
  3 giant cockroaches
  18 goblins
  15 hobgoblins
  14 jackals
  35 kobolds
  9 quokkas
  4 frilled lizards
  A leopard gecko zombie (D:5)
  7 rats
  2 butterflies (Lair:3)
  A fungus (D:1)
  4 plants
850 creatures vanquished.

Vanquished Creatures (others)
  2 blink frogs (Lair:6)
  A hound (D:7)
  An orc wizard (D:7)
  2 orcs (D:7)
  A goblin (D:7)
  2 kobolds (D:7)
  A butterfly (Lair:6)
  7 fungi
  4 plants
  3 withered plants (D:15)
24 creatures vanquished.

Grand Total: 874 creatures vanquished

Notes
Turn   | Place    | Note
-------+----------+-------------------------------------------
     0 | D:1      | hilaritas the Troll Fighter began the quest for the Orb.
     0 | D:1      | Reached XP level 1. HP: 22/22 MP: 0/0
   140 | D:1      | Reached XP level 2. HP: 25/29 MP: 1/1
   471 | D:1      | Reached XP level 3. HP: 35/36 MP: 2/2
   938 | D:2      | Reached skill level 3 in Unarmed Combat
  1046 | D:2      | Reached XP level 4. HP: 36/45 MP: 3/3
  1227 | D:2      | Reached skill level 4 in Unarmed Combat
  1227 | D:2      | Reached XP level 5. HP: 48/53 MP: 4/4
  2711 | D:4      | Reached skill level 5 in Unarmed Combat
  2874 | D:5      | Entered Level 5 of the Dungeon
  2878 | D:5      | Reached XP level 6. HP: 57/61 MP: 5/5
  2963 | D:5      | Reached skill level 6 in Unarmed Combat
  2977 | D:5      | Found Suimok's Distillery.
  2990 | D:5      | Reached XP level 7. HP: 42/67 MP: 6/6
  3036 | D:5      | Found a snail-covered altar of Cheibriados.
  3041 | D:5      | Bought a potion of heal wounds for 65 gold pieces
  3041 | D:5      | Bought a potion of haste for 130 gold pieces
  3041 | D:5      | Bought a potion of agility for 52 gold pieces
  3346 | D:5      | Found a staircase to the Ecumenical Temple.
  3354 | D:5      | Reached skill level 7 in Unarmed Combat
  3733 | Temple   | Entered the Ecumenical Temple
  3848 | Temple   | Became a worshipper of Warmaster Okawaru
  4211 | D:6      | Reached skill level 8 in Unarmed Combat
  4211 | D:6      | Reached XP level 8. HP: 61/78 MP: 7/7
  4577 | D:7      | Reached skill level 1 in Invocations
  4601 | D:7      | Reached * piety under Okawaru
  4783 | D:7      | Noticed Pikel
  4809 | D:7      | Killed Pikel
  4809 | D:7      | Reached ** piety under Okawaru
  4809 | D:7      | Reached skill level 9 in Unarmed Combat
  4990 | D:7      | Got a faintly glowing wooden ring
  4991 | D:7      | Identified the ring of Usocs {rF+ Str+3} (You found it on level 7 of the Dungeon)
  5020 | D:7      | Reached XP level 9. HP: 83/84 MP: 9/9
  5034 | D:7      | Reached skill level 10 in Unarmed Combat
  5213 | D:7      | Noticed Duvessa
  5214 | D:7      | Noticed Dowan
  5221 | D:7      | Killed Duvessa
  5227 | D:7      | Killed Dowan
  5291 | D:7      | Reached *** piety under Okawaru
  5291 | D:7      | Reached skill level 5 in Shields
  5668 | D:8      | Reached skill level 5 in Fighting
  5987 | D:8      | Noticed ceb's ghost (novice DsFi)
  5988 | D:8      | Noticed Erica
  6014 | D:8      | Killed Erica
  6014 | D:8      | Reached **** piety under Okawaru
  6014 | D:8      | Reached skill level 5 in Invocations
  6014 | D:8      | Reached XP level 10. HP: 86/97 MP: 12/12
  6037 | D:8      | Killed ceb's ghost
  6061 | D:8      | Noticed a two-headed ogre
  6067 | D:8      | Killed a two-headed ogre
  6067 | D:8      | Reached ***** piety under Okawaru
  6560 | D:8      | Found Plog's Magic Scroll Emporium.
  6568 | D:8      | Bought a scroll of enchant armour for 90 gold pieces
  6568 | D:8      | Bought a scroll of fear for 42 gold pieces
  6642 | D:9      | Paralysed by a hornet for 1 turns
  6875 | D:9      | Found a staircase to the Orcish Mines.
  6968 | D:9      | Found a bloodstained altar of Trog.
  7287 | D:10     | Entered Level 10 of the Dungeon
  7291 | D:10     | Got a dull robe
  7302 | D:10     | Identified the +2 robe "Siriotzi" {Int+2} (You found it on level 10 of the Dungeon)
  7319 | D:10     | Noticed a gargoyle
  7342 | D:10     | Killed a gargoyle
  7343 | D:10     | Reached XP level 11. HP: 26/107 MP: 11/14
  7840 | D:10     | Found a portal to a secret trove of treasure.
  8014 | D:11     | Noticed Nergalle
  8026 | D:11     | Noticed a spectral orc warlord
  8034 | D:11     | Killed Nergalle
  8197 | D:11     | Found Holutu's Armour Boutique.
  8432 | D:11     | Noticed a six-headed hydra
  8442 | D:11     | Killed a one-headed hydra
  8442 | D:11     | Reached ****** piety under Okawaru
  8636 | D:11     | Found a staircase to the Lair.
  9524 | D:12     | Found a flagged portal.
  9543 | Bailey   | Entered a bailey
  9547 | Bailey   | Noticed hilaritas's ghost (novice TeBe)
  9560 | Bailey   | Killed hilaritas's ghost
  9560 | Bailey   | Received a gift from Okawaru
  9585 | Bailey   | Noticed Amaterasu's ghost (journeyman DrEE)
  9616 | Bailey   | Killed Amaterasu's ghost
  9758 | Bailey   | Noticed an orc knight
  9760 | Bailey   | Noticed an orc knight
  9770 | Bailey   | Killed an orc knight
  9779 | Bailey   | Killed an orc knight
  9783 | Bailey   | Found a burning altar of Makhleb.
  9941 | D:12     | Noticed a white ugly thing
  9948 | D:12     | HP: 11/113 [white ugly thing (25)]
  9951 | D:12     | Killed a white ugly thing
 10195 | D:12     | Noticed a white ugly thing
 10201 | D:12     | Killed a white ugly thing
 10239 | D:12     | Reached XP level 12. HP: 107/123 MP: 16/16
 10378 | D:12     | Noticed a centaur warrior
 10392 | D:12     | Killed a centaur warrior
 10392 | D:12     | Received a gift from Okawaru
 10779 | Lair:1   | Entered Level 1 of the Lair of Beasts
 11096 | Lair:1   | Got a wavering steel ring
 11098 | Lair:1   | Identified the ring "Faupn" {Str+3 Dex+4 Stlth-} (You found it on level 1 of the Lair of Beasts)
 11173 | Lair:1   | Reached skill level 10 in Fighting
 11210 | Lair:1   | Learned a level 1 spell: Summon Small Mammal
 11214 | Lair:1   | Learned a level 3 spell: Call Canine Familiar
 11219 | Lair:1   | Learned a level 4 spell: Summon Ice Beast
 11352 | Lair:1   | Noticed Gastronok
 11384 | Lair:1   | Killed Gastronok
 11476 | Lair:1   | Noticed an eight-headed hydra
 11486 | Lair:1   | Killed a three-headed hydra
 11486 | Lair:1   | Received a gift from Okawaru
 12099 | Lair:2   | Reached skill level 10 in Invocations
 12651 | Lair:3   | Reached skill level 5 in Dodging
 12766 | Lair:3   | Found a staircase to the Shoals.
 12792 | Lair:3   | Noticed Sonja
 12946 | Lair:3   | Noticed Harold
 12959 | Lair:3   | Killed Harold
 12959 | Lair:3   | Received a gift from Okawaru
 13032 | Lair:3   | Killed Sonja
 13135 | Lair:3   | Reached skill level 1 in Armour
 13267 | Lair:3   | Reached XP level 13. HP: 114/133 MP: 19/19
 13319 | Lair:3   | Found a staircase to the Snake Pit.
 13417 | Lair:3   | HP: 8/133 [four-headed hydra (10)]
 14426 | Lair:4   | Reached skill level 5 in Armour
 14790 | Lair:4   | Noticed Urug
 14808 | Lair:4   | Killed Urug
 15410 | Lair:5   | Noticed damerell's ghost (journeyman DEFE)
 15444 | Lair:5   | Killed damerell's ghost
 15619 | Lair:5   | Gained mutation: You are robust. (+10% HP) [potion of mutation]
 15619 | Lair:5   | Gained mutation: You are agile. (Dex +2) [potion of mutation]
 15791 | Lair:5   | Received a gift from Okawaru
 15934 | Lair:5   | Learned a level 4 spell: Summon Lightning Spire
 16594 | Lair:6   | Entered Level 6 of the Lair of Beasts
 16630 | Lair:6   | Reached skill level 11 in Unarmed Combat
 16767 | Lair:6   | Found a runed door.
 16787 | Lair:6   | Received a gift from Okawaru
 16933 | Lair:6   | Found a viscous altar of Jiyva.
 16935 | Lair:6   | Found a staircase to the Slime Pits.
 17847 | Lair:6   | Reached XP level 14. HP: 134/158 MP: 20/20
 17892 | Lair:6   | Reached skill level 12 in Unarmed Combat
 18136 | Lair:6   | Received a gift from Okawaru
 18137 | Lair:6   | Got a scorched scarf {god gift}
 18166 | Lair:6   | Identified the scarf of Eduemuc {rElec rCorr Str+3 Dex-2} (Okawaru gifted it to you on level 6 of the Lair of Beasts)
 18262 | Lair:6   | Reached skill level 13 in Unarmed Combat
 18799 | D:13     | Reached skill level 14 in Unarmed Combat
 19079 | D:13     | Found a gate to the Vaults.
 19205 | D:13     | Reached skill level 15 in Unarmed Combat
 20244 | D:14     | Found Meomuor's Food Boutique.
 20404 | D:15     | Entered Level 15 of the Dungeon
 20411 | D:14     | Reached skill level 16 in Unarmed Combat
 20669 | D:15     | Noticed Josephine
 20861 | D:15     | Killed Josephine
 21033 | D:15     | Received a gift from Okawaru
 21059 | D:15     | Reached XP level 15. HP: 70/167 MP: 21/21
 21189 | D:15     | Reached skill level 17 in Unarmed Combat
 21287 | D:15     | Found a staircase to the Depths.
 21291 | D:15     | Paralysed by a wizard for 5 turns
 21374 | D:15     | Noticed Azrael
 21383 | D:15     | Killed Azrael
 22220 | D:12     | Reached skill level 18 in Unarmed Combat
 22289 | Orc:1    | Entered Level 1 of the Orcish Mines
 22480 | Orc:1    | Found Xoryqus's Book Emporium.
 22558 | Orc:2    | Entered Level 2 of the Orcish Mines
 22673 | Orc:1    | Found a roughly hewn altar of Beogh.
 23441 | Orc:2    | HP: 14/169 [orc warrior/mace (15)]
 23730 | Orc:2    | Found an iron altar of Okawaru.
 23770 | Orc:2    | Received a gift from Okawaru
 24033 | Orc:2    | Found Lohyin's Distillery.
 24033 | Orc:2    | Found Guiriex's Antique Weapon Shoppe.
 24034 | Orc:2    | Found Kaimpyul's Jewellery Shoppe.
 24034 | Orc:2    | Found Fijireva's Distillery.
 24041 | Orc:2    | Bought a potion of heal wounds for 90 gold pieces
 24041 | Orc:2    | Bought 2 potions of heal wounds for 180 gold pieces
 24041 | Orc:2    | Bought a potion of haste for 180 gold pieces
 24043 | Orc:2    | Bought a potion of heal wounds for 85 gold pieces
 24043 | Orc:2    | Bought a potion of resistance for 170 gold pieces
 24044 | Orc:2    | Bought an uncursed ring of protection from cold for 325 gold pieces
 24044 | Orc:2    | Bought the amulet "Toaxtod" {Harm *Drain rElec rN++ MP+9 Str-3} for 872 gold pieces
 24062 | Orc:2    | Found a staircase to the Elven Halls.
 24400 | Shoals:1 | Entered Level 1 of the Shoals
 24432 | Shoals:1 | Reached skill level 19 in Unarmed Combat
 24939 | Shoals:1 | Reached XP level 16. HP: 69/179 MP: 22/22
 26087 | Shoals:2 | HP: 17/179 [faun/sling bullet (4)]
 26308 | Shoals:2 | Received a gift from Okawaru
 26349 | Shoals:2 | Got an ancient scarf {god gift}
 26360 | Shoals:2 | Identified the scarf "Foemugia" {rElec rPois Stlth+} (Okawaru gifted it to you on level 2 of the Shoals)
 26814 | Shoals:2 | Reached skill level 20 in Unarmed Combat
 27758 | Shoals:3 | Noticed a titan
 27766 | Shoals:3 | Killed a titan
 28269 | Shoals:3 | Received a gift from Okawaru
 28624 | Shoals:3 | Reached skill level 21 in Unarmed Combat
 29014 | Shoals:4 | Entered Level 4 of the Shoals
 29362 | Shoals:4 | Mangled by an alligator snapping turtle

Skill      XL: |  1  2  3  4  5  6  7  8  9 10 11 12 13 14 15 16 |
---------------+-------------------------------------------------+-----
Fighting       | 3 4 5 6 9 10 11 | 11.8
Unarmed Combat | 3 4 5 6 8 9 10 11 16 19 21 | 21.3
Shields        | 3 4 6 8 9 |  9.2
Invocations    | 2 5 6 7 10 | 10.0
Dodging        | 6 |  6.0
Armour         | 1 7 |  7.0

Action                   |  1- 3 |  4- 6 |  7- 9 | 10-12 | 13-15 | 16-18 || total
-------------------------+-------+-------+-------+-------+-------+-------++-------
Melee: Unarmed           |   105 |   159 |   336 |   708 |  1210 |   383 ||  2901
       Scimitar          |       |       |       |    12 |    56 |       ||    68
Throw: Tomahawk          |       |     1 |       |       |       |       ||     1
       Large rock        |       |       |     1 |     6 |     3 |     4 ||    14
       Throwing net      |       |       |       |     3 |       |       ||     3
Invok: Heroism           |       |       |     1 |    10 |    21 |     7 ||    39
       Finesse           |       |       |       |       |     1 |     1 ||     2
Evoke: Wand              |       |       |       |       |       |     2 ||     2
  Use: Scroll            |     4 |     9 |     6 |     6 |    10 |     2 ||    37
       Potion            |       |       |       |     4 |     3 |     1 ||     8
 Stab: Sleeping          |     1 |     1 |     2 |       |       |       ||     4
  Eat: Chunk             |    15 |    17 |    29 |    68 |   116 |    40 ||   285
Armor: Robe              |    23 |    36 |    61 |    51 |       |       ||   171
       Acid dragon scale |       |       |       |   128 |   294 |    89 ||   511
       Troll leather arm |       |       |       |     7 |       |       ||     7
Dodge: Dodged            |    25 |    29 |    86 |   224 |   485 |   184 ||  1033
Block: Shield            |    30 |    49 |   130 |   377 |   786 |   286 ||  1658
       Rpst.: Scimitar   |       |       |       |       |     7 |       ||     7
